 Dungeon Crawl Stone Soup version 0.30.0-29-ga12c61a403 (webtiles) character file.

Game seed: 13054031977847200004

64 Fodor the Trooper (level 3, 0/34 HPs)
             Began as a Minotaur Fighter on June 19, 2023.
             Slain by a gnoll
             ... wielding a +0 spear
              (4 damage)
             ... on level 2 of the Dungeon.
             The game lasted 00:05:16 (1312 turns).

Fodor the Trooper (Minotaur Fighter)                Turns: 1312, Time: 00:05:16

Health: 0/34       AC:  7    Str: 22    XL:     3   Next: 91%
Magic:  2/2        EV:  9    Int:  5    God:
Gold:   53         SH:  4    Dex:  9    Spells: 2/2 levels left

rFire   . . .        a - +0 long sword
rCold   . . .        c - +0 buckler
rNeg    . . .        b - +0 scale mail
rPois   .            (helmet restricted)
rElec   .            (no cloak)
rCorr   .            (no gloves)
SInv    .            (no boots)
Will    .....        (no amulet) Stlth
                     (no ring)
HPRegen 0.25/turn    (no ring)
MPRegen 0.08/turn

%: no passive effects
@: mighty, invisible
A: horns 2, retaliatory headbutt
a: no special abilities


You were on level 2 of the Dungeon.
You visited 1 branch of the dungeon, and saw 2 of its levels.

You collected 53 gold pieces.

Inventory:

Hand Weapons
 a - a +0 long sword (weapon)
Missiles
 f - 2 poisoned darts (quivered)
Armour
 b - a +0 scale mail (worn)
 c - a +0 buckler (worn)
Scrolls
 g - a scroll of noise {unknown}
 h - a scroll of enchant weapon {unknown}
 i - a scroll of poison {unknown}
 j - a scroll of magic mapping {unknown}


   Skills:
 + Level 4.4 Fighting
 + Level 3.2 Long Blades
 + Level 4.3 Armour
 + Level 0.1 Dodging
 + Level 0.1 Stealth
 + Level 4.0 Shields


You had 2 spell levels left.
You didn't know any spells.
Your spell library contained the following spells:

 Spells                   Type           Power      Damage    Failure   Level
 Ensorcelled Hibernation  Hex/Ice        0%         N/A       94%         2
 Passwall                 Tmut/Erth      0%         N/A       94%         2
 Swiftness                Air            0%         N/A       99%         3


Dungeon Overview and Level Annotations

Branches:
Dungeon (2/15)

Altars:


Innate Abilities, Weirdness & Mutations

You have a pair of horns on your head.
You reflexively headbutt those who attack you in melee.


Message History

You fade into invisibility!
You feel sick. The gnoll closely misses you.
It was a potion of curing.
You feel better.
The gnoll hits you from afar with a +0 spear.
The gnoll barely misses you.
You slash the gnoll!
The gnoll is severely wounded.
The gnoll hits you but does no damage. The gnoll hits you with a +0 spear.
* * * LOW HITPOINT WARNING * * *
You barely miss the gnoll.
The gnoll is severely wounded.
The gnoll closely misses you.
You closely miss the gnoll.
The gnoll is severely wounded.
The gnoll hits you with a +0 spear.
* * * LOW HITPOINT WARNING * * *
You strike the helpless gnoll from behind!
You hit the gnoll.
You kill the gnoll!
Your Long Blades skill increases to level 3!
Your Shields skill increases to level 4!
You slash the gnoll!
The gnoll is almost dead.
The gnoll barely misses you. The gnoll closely misses you.
You slash the gnoll!
You kill the gnoll!
You barely miss the gnoll. The gnoll hits you with a +0 whip.
* * * LOW HITPOINT WARNING * * *
You slash the gnoll!
The gnoll is severely wounded.
The gnoll barely misses you. You block the gnoll's attack.
You catch the helpless gnoll completely off-guard!
You slash the gnoll!
You kill the gnoll!
You barely miss the quokka. You headbutt the quokka.
You kill the quokka!
The gnoll closely misses you.
Items here: ))) †.
The gnoll hits you with a +0 spear.
You die...

.......# #.# .......#
#.#
.†.....##########.#
.......##.........#
.......##.#########
......###.#......#
......# #.#.####.#
......# #.#.# #)#
......# #.#.####@#
......# #.......g#
......# #........#
......###..........#
......'<#.#.#.#.####
......#.#<#.#.#...
......#.#.#.#.#.....
......#.#.#.#.##..g..
#+#####.#.#.#.# .#.r.


You could see a gnoll (unable to see you).

Vanquished Creatures
  3 gnolls (D:2)
  2 adders (D:2)
  A worm (D:2)
  An endoplasm (D:1)
  A goblin (D:1)
  2 hobgoblins (D:2)
  2 quokkas
  A ball python (D:1)
  A frilled lizard (D:1)
  3 kobolds (D:1)
17 creatures vanquished.

Notes
Turn   | Place    | Note
-------+----------+-------------------------------------------
     0 | D:1      | Fodor the Minotaur Fighter began the quest for the Orb.
     0 | D:1      | Reached XP level 1. HP: 19/19 MP: 0/0
   646 | D:1      | Reached XP level 2. HP: 27/27 MP: 1/1
  1297 | D:2      | Reached XP level 3. HP: 6/33 MP: 2/2
  1312 | D:2      | Slain by a gnoll

Illustrated notes

Levels and vault maps discovered:
D:1:      wander_arrival_peaceful_grave, layout_basic
D:2:      layout_basic, serial_shops, shop, nicolae_titane

Skill      XL: |  1  2  3 |
---------------+----------+-----
Fighting       | 4 |  4.4
Armour         | 4 |  4.3
Long Blades    | 3 |  3.2
Shields        | 4 |  4.0
Dodging        | |  0.1
Stealth        | |  0.1

Action                     || total
---------------------------++-------
  Melee: Long sword        ||    50
         Headbutt          ||     4
    Use: Potion            ||     3
   Stab: Invisible         ||     2
 Armour: Scale mail        ||    24
  Dodge: Dodged            ||    31
  Block: Buckler           ||    11
